AoeStats
← Pleymo0901

Arabia

509619302Analyzed
1v1 RM · 6d ago on Sep 27, 2026· 29m 1s· 2 players
Game mode
Random Map
Map size
Tiny (2 player)
Population
200
Speed
Normal
Resources
Standard
Victory
Conquest
Starting age
Dark Age
Ending age
Imperial Age
RankedLock teamsTeams togetherTeam positionsShared explorationLock speedFull tech treeHidden civsTurbo modeCheats
Victory
Defeat
🇦🇹 Ethiopians · Austria
955
+16
🇫🇷 Spanish · France
959
-16
jesse stinkman
7:56 Loom
10:17 Feudal Age
12:51 Double-Bit Axe
14:24 Horse Collar
20:02 Fletching
20:44 Padded Archer Armor
26:05 Castle Age
25:43 Forging
26:58 Bodkin Arrow
26:26 Crossbowman
28:09 Leather Archer Armor
28:54 Scale Barding Armor
29:27 Iron Casting
28:59 Scale Barding Armor
Pleymo0901
4:01 Loom
10:26 Feudal Age
11:10 Double-Bit Axe
11:07 Horse Collar
12:26 Wheelbarrow
21:37 Castle Age
20:34 Stone Mining
20:55 Padded Archer Armor
20:46 Fletching
22:57 Bow Saw
26:39 Ballistics
Connection lost

Rejoining the realm…

Still unreachable

The connection could not be restored.

Session expired

The server has moved on; the page needs a fresh start.